Map: Orbital Shipyard

Players

PTIPPY

  • Race: Terran Terran
  • League: Gold

LindyHop - Winner!

  • Race: Zerg Zerg
  • League: Gold

VOD

Have the link to the VOD?

Description

Time

  • Played on: Dec. 6, 2015, 11:51 p.m.
  • Length: 4:16
Show
View Real Time Build Order
Export as new Build Order

PTIPPY Terran 

Build Orders: Command Center First (CC) 

Get SALT Encoding   

  12  0:01  SCV  
  13  0:13  SCV  
  14  0:25  SCV  
  14  0:28  Supply Depot  
  16  0:50  SCV  
  16  1:01  Command Center  
  16  1:02  SCV  
  17  1:14  SCV  
  18  1:20  Refinery  
  18  1:21  Barracks  
  18  1:35  SCV  
  19  1:47  SCV  
  20  1:57  Supply Depot  
  20  2:02  SCV  
  20  2:06  Supply Depot  
  21  2:18  Orbital Command  
  21  2:21  Supply Depot  
  21  2:24  Orbital Command  
  21  2:27  Marine  
  22  2:36  Refinery  
  22  2:39  Supply Depot  
  22  2:44  SCV  
  22  2:48  Marine  
  24  2:56  SCV  
  24  2:57  SCV  
  26  3:06  Marine  
  26  3:08  SCV  
  26  3:09  SCV  
  26  3:12  Factory  
  29  3:20  SCV  
  29  3:21  SCV  
  31  3:28  Supply Depot  
  31  3:32  Factory  
  31  3:33  SCV x2  
  33  3:36  Barracks Reactor  
  33  3:45  SCV x2, Refinery  
  33  3:46  Supply Depot  
  35  3:57  SCV x2  
  35  3:58  Supply Depot  
  35  4:00  Factory Tech Lab  
Show
View Real Time Build Order
Export as new Build Order

LindyHop Zerg - Winner!

Build Orders: Hatch First 

Get SALT Encoding   

  12  0:01  Drone  
  13  0:10  Drone  
  14  0:35  Hatchery  
  13  0:52  Spawning Pool  
  13  0:56  Extractor  
  11  0:59  Drone  
  12  1:09  Overlord  
  12  1:25  Drone x2  
  14  1:36  Drone  
  15  1:41  Queen  
  17  1:55  Zergling x2  
  17  1:56  Zergling x4  
  22  2:23  Baneling Nest  
  21  2:35  Zergling x4  
  23  2:41  Metabolic Boost  
  23  2:47  Queen  
  23  2:50  Overlord  
  23  3:05  Zergling x6  
  26  3:17  Zergling x4  
  28  3:24  Baneling x4  
  28  3:27  Baneling  
  28  3:34  Baneling  
  28  3:36  Zergling x2  
  29  3:52  Zergling x2  
  29  3:54  Zergling x6  
Tags
 
Add a new tag
Caveats
  • Supply blocks, unpowered buildings, or Contaminate may cause inaccurate times.
  • Supply counts are checked every 10 seconds.